 Dungeon Crawl Stone Soup version 0.31-a0-154-g56bf346678 (webtiles) character file.

Game seed: 5532541490802053943

110 Moral the Gusty (level 4, -7/37 HPs)
             Began as a Naga Air Elementalist on June 12, 2023.
             Mangled by Edmund
             ... wielding a +1 flail of protection
              (10 damage)
             ... on level 4 of the Dungeon.
             The game lasted 00:06:07 (4357 turns).

Moral the Gusty (Naga Air Elementalist)             Turns: 4357, Time: 00:06:07

Health: -7/37      AC:  3    Str: 11    XL:     4   Next: 91%
Magic:  11/16      EV: 10    Int: 17    God:
Gold:   106        SH:  0    Dex: 14    Spells: 7/8 levels left

rFire   + . .        g - +0 hand axe (venom)
rCold   x . .        (no shield)
rNeg    . . .        a - +1 robe
rPois   +            (no helmet)
rElec   +            (no cloak)
rCorr   .            (no gloves)
SInv    +            (no barding)
Will    .....        (no amulet)
Stlth   +++          d - ring of magical power
HPRegen 0.26/turn    o - ring "Tonlymuu" {Fire +Blink rElec rPois Dex+3}
MPRegen 0.15/turn

%: no passive effects
@: hasted, quick
A: AC +1, large, see invisible, deformed body, poison resistance, slowness 2,
spit poison 1, naga tail 1
a: Spit Poison, Evoke Blink


You were on level 4 of the Dungeon.
You visited 1 branch of the dungeon, and saw 4 of its levels.

You collected 106 gold pieces.

Inventory:

Hand Weapons
 e - a +0 club
 g - a +0 hand axe of venom (weapon)
Armour
 a - a +1 robe (worn)
Jewellery
 d - a ring of magical power (left hand)
 o - the ring "Tonlymuu" (right hand) {Fire +Blink rElec rPois Dex+3}
   (You found it on level 3 of the Dungeon)

   [ring of fire]

   It enhances your fire magic.
   Dex:       It affects your dexterity (+3).
   rF:        It protects you from fire.
   rC:        It makes you vulnerable to cold.
   rElec:     It insulates you from electricity.
   rPois:     It protects you from poison.
   +Blink:    It lets you blink.
Scrolls
 j - 4 scrolls of identify
 n - a scroll of enchant armour
Potions
 b - a potion of magic
 c - a potion of berserk rage
 i - a potion of ambrosia {unknown}
 k - 2 potions of attraction {unknown}
 l - a potion of degeneration {unknown}


   Skills:
 + Level 0.3 Fighting
 * Level 0.3 Maces & Flails
 + Level 1.7 Dodging
 * Level 4.1 Stealth
 + Level 2.5 Spellcasting
 + Level 1.8 Conjurations
 * Level 4.2 Air Magic


You had 7 spell levels left.
You knew the following spells:

 Your Spells              Type           Power      Damage    Failure   Level
a - Shock                 Conj/Air       48%        1d6       5%          1

Your spell library contained the following spells:

 Spells                   Type           Power      Damage    Failure   Level
 Static Discharge         Conj/Air       24%        2-3/arc   9%          2
 Swiftness                Air            16%        N/A       10%         3
 Airstrike                Air            8%         2d(2-18)  32%         4


Dungeon Overview and Level Annotations

Branches:
Dungeon (4/15)
 Temple: D:4-7

Altars:
Ru

Annotations:
D:4 Edmund


Innate Abilities, Weirdness & Mutations

Your serpentine skin is tough. (AC +1)
You have supernaturally acute eyesight. (SInv)
Armour fits poorly on your strangely shaped body.
Your system is resistant to poisons. (rPois)
You cover ground very slowly.
You can spit poison.
You have a snake-like lower body.


Message History

Press: ? - help, Q - select action, (/) - cycle Shift-Dir - straight line, f/p - Edmund
Aim: Edmund, wielding a +1 flail of protection and wearing a +0 scale mail (lightly wounded, 72% to hit)
The zap hits Edmund but does no damage.
Edmund is lightly wounded.
Casting: Shock (safe; 5% risk of failure)
Confirm with . or Enter, or press ? or * to list all spells.
Okay, then.
You fail to use your ability.
You have got your breath back.
Edmund hits you with a +1 flail of protection!
You fail to use your ability.
Edmund hits you but does no damage.
You blink.
Aiming: Shock (safe; 5% risk of failure)
Press: ? - help, Q - select action, (/) - cycle Shift-Dir - straight line, f/p - Edmund
Aim: Edmund, wielding a +1 flail of protection and wearing a +0 scale mail (lightly wounded, 72% to hit)
The zap hits Edmund.
Edmund is lightly wounded.
Edmund hits you with a +1 flail of protection!
Aiming: Shock (safe; 5% risk of failure)
Press: ? - help, Q - select action, (/) - cycle Shift-Dir - straight line, f/p - Edmund
Aim: Edmund, wielding a +1 flail of protection and wearing a +0 scale mail (lightly wounded, 72% to hit)
The zap misses Edmund.
Edmund hits you with a +1 flail of protection!
* * * LOW HITPOINT WARNING * * *
As you read the scroll labelled EDGHEA TAESTI, it crumbles to dust.
The scroll dissolves into smoke.
It was a scroll of fog.
Edmund closely misses you.
As you read the scroll labelled PEECSA POIMOU, it crumbles to dust.
The creatures around you are filled with an inner flame!
It was a scroll of immolation.
Edmund hits you with a +1 flail of protection.
* * * LOW HITPOINT WARNING * * *
It was a potion of haste.
You feel yourself speed up. Edmund misses you.
You feel stable enough to blink again. Edmund attacks as you move away!
Edmund hits you with a +1 flail of protection.
* * * LOW HITPOINT WARNING * * *
Edmund attacks as you move away!
Edmund hits you with a +1 flail of protection!
You die...

#.....###### .....
#..###.# ..... ##.# #.#
...... ....# #.## #.....
##...## #..#
#.....##.....####.#
..............# #.####..
..............###.†.....
.......@@.....#.......##
#...####.....##.#.#...#
# ##.§§§§§§...#.....
#§§§§§§§#####.<.##
#§.§§§§§# ...# #.§§§§§§#
...# ##..§§§## ##.#
##§..## ####


You could see Edmund (inner flame).

Vanquished Creatures
  5 adders
  A worm (D:2)
  2 dart slugs (D:1)
  An orc (D:3)
  4 ball pythons
  4 endoplasms
  2 giant cockroaches (D:1)
  7 goblins
  6 hobgoblins
  3 jackals (D:3)
  2 quokkas (D:2)
  6 bats
  4 frilled lizards
  5 kobolds
  3 rats
55 creatures vanquished.

Notes
Turn   | Place    | Note
-------+----------+-------------------------------------------
     0 | D:1      | Moral the Naga Air Elementalist began the quest for the
                  | Orb.
     0 | D:1      | Reached XP level 1. HP: 15/15 MP: 3/3
   541 | D:1      | Reached XP level 2. HP: 22/22 MP: 0/5
  1120 | D:1      | Reached XP level 3. HP: 28/28 MP: 3/6
  2583 | D:2      | Reached XP level 4. HP: 36/36 MP: 7/7
  3580 | D:3      | Identified the ring "Tonlymuu" {Fire +Blink rElec rPois
                  | Dex+3}
  3896 | D:3      | Found a sacrificial altar of Ru.
  4337 | D:4      | Noticed Edmund
  4357 | D:4      | Mangled by Edmund

Illustrated notes

Levels and vault maps discovered:
D:1:      amcnicky_arrival_choice, layout_basic, serial_rivers,
          chequers_serial_rivers_micro_a, chequers_serial_rivers_micro_e,
          chequers_serial_rivers_marsh, chequers_serial_rivers_small_b,
          chequers_serial_rivers_small_a, chequers_serial_rivers_micro_b,
          chequers_serial_rivers_room_b, columned_hall_lemuel
D:2:      layout_basic, dk_noncrumbling_3, minmay_tetromino_o2
D:3:      layout_basic, overflow_temple_1_default
D:4:      layout_rooms, kennysheep_mini, minmay_temple_entry_mist, minivault_11,
          nicolae_eternal_life, abandoned_shop, minivault_5,
          kennysheep_generic_room_10, uniq_edmund, uniq_ijyb

Skill      XL: |  1  2  3  4 |
---------------+-------------+-----
Air Magic      | 4 |  4.2
Stealth        | 4 |  4.1
Fighting       | |  0.3
Maces & Flails | |  0.3
Dodging        | |  1.7
Spellcasting   | |  2.5
Conjurations   | |  1.8

Action                     |  1- 3 |  4- 6 || total
---------------------------+-------+-------++-------
  Melee: Unarmed           |    12 |       ||    12
         Hand axe          |     4 |     5 ||     9
   Cast: Shock             |    73 |    52 ||   125
Ability: Spit Poison       |     7 |     4 ||    11
         Evoke Blink       |       |     1 ||     1
    Use: Scroll            |     3 |     2 ||     5
         Potion            |       |     1 ||     1
 Armour: Robe              |     3 |     2 ||     5
  Dodge: Dodged            |    11 |    10 ||    21

Table legend: (Time is in decaauts)
 A = Elapsed time spent in this place.
 B = Non-inter-level travel time spent in this place.
 C = Inter-level travel time spent in this place.
 D = Time resting spent in this place.
 E = Time spent auto-exploring this place.
 F = Levels seen in this place.
 G = Mean time per level.
                   A        B        C        D        E       F      G
               +--------+--------+--------+--------+--------+-----+--------+
         Total |   5566 |   5095 |    471 |      0 |   4755 |   4 | 1391.5 |
       Dungeon |   5566 |   5095 |    471 |      0 |   4755 |   4 | 1391.5 |
               +--------+--------+--------+--------+--------+-----+--------+

Top non-repeatable levels by time:
     D:1: 2358 daAuts
     D:2: 1932 daAuts
     D:3: 1159 daAuts
     D:4: 116 daAuts
